 Dungeon Crawl Stone Soup version 0.21.1-1-g345015f (webtiles) character file.

123159 troglodite the Peltast (level 16, -1/127 HPs)
             Began as a Demonspawn Berserker on May 7, 2018.
             Was a High Priest of Trog.
             Slain by an earth elemental (27 damage)
             ... on level 1 of the Elven Halls on May 9, 2018.
             The game lasted 02:14:27 (31261 turns).

troglodite the Peltast (Demonspawn Berserker)      Turns: 31261, Time: 02:14:28

Health: -1/127     AC: 18    Str: 19    XL:     16   Next: 36%
Magic:  0/16       EV: 13    Int:  9    God:    Trog [*****.]
Gold:   2712       SH: 26    Dex: 24    Spells: 15/15 levels left

rFire    + + +     SeeInvis +   o - +5 long sword (vamp)
rCold    + . .     Gourm    .   A - +0 large shield "Cauff" {rPois MR+ Dex+2}
rNeg     . . .     Faith    .   T - +2 chain mail {rF+}
rPois    +         Spirit   +   k - +2 helmet {SInv}
rElec    .         Reflect  .   b - scarf {rC+ rF+}
rCorr    .         Harm     .   Y - +0 pair of gloves of the Disturbing Coins {+Blink Regen+ Dex+6}
MR       +++..                  (no boots)
Stlth    ..........             u - amulet of regeneration
HPRegen  1.11/turn              Z - ring of protection from magic
MPRegen  0.30/turn              F - ring of protection from fire

@: drained
A: claws 1, large bone plates 2, foul stench 2, weak 1, magic shield, magic
regeneration, rot immunity
a: Berserk, Trog's Hand, Brothers in Arms, Burn Spellbooks, Renounce Religion,
Evoke Blink


You were on level 1 of the Elven Halls.
You worshipped Trog.
Trog was extremely pleased with you.
You were not hungry.

You visited 5 branches of the dungeon, and saw 26 of its levels.
You also visited: Volcano.

You collected 3417 gold pieces.
You spent 705 gold pieces at shops.

Inventory:

Hand Weapons
 e - a +9 scimitar of flaming
 o - a +5 vampiric long sword (weapon)
 K - the +6 dagger "Ryfusy" {drain, Int-3 Dex+3 Stlth+}
   (You found it on level 10 of the Dungeon)

   A truly terrible weapon, it drains the life of those it strikes.
   It affects your intelligence (-3).
   It affects your dexterity (+3).
   It makes you more stealthy.
Armour
 b - a scarf of resistance (worn)
 k - a +2 helmet of see invisible (worn)
 m - +0 ice dragon scales
 A - the +0 large shield "Cauff" (worn) {rPois MR+ Dex+2}
   (You acquired it on level 13 of the Dungeon)

   It affects your dexterity (+2).
   It protects you from poison.
   It affects your resistance to hostile enchantments.
 T - a +2 chain mail of fire resistance (worn)
 Y - the +0 pair of gloves of the Disturbing Coins (worn) {+Blink Regen+ Dex+6}
   (You found it on level 15 of the Dungeon)

   It affects your dexterity (+6).
   It lets you blink.
   It increases your rate of regeneration.
Jewellery
 u - an amulet of regeneration (around neck)
 C - a +3 ring of intelligence
 F - a ring of protection from fire (right hand)
 I - an uncursed ring of resist corrosion
 X - an uncursed ring of positive energy
 Z - a ring of protection from magic (left hand)
Wands
 l - a wand of acid (6)
Scrolls
 d - 2 scrolls of enchant armour
 f - 4 scrolls of fog
 j - 11 scrolls of teleportation
 v - 5 scrolls of blinking
 w - 8 scrolls of remove curse
 G - 3 scrolls of magic mapping
 L - 6 scrolls of identify
 S - 4 scrolls of fear
 W - a scroll of brand weapon
Potions
 a - a potion of heal wounds
 g - 8 potions of curing
 h - 2 potions of might
 n - a potion of ambrosia
 r - 2 potions of flight
 s - 5 potions of lignification
 t - 4 potions of haste
 z - 4 potions of brilliance
 B - 3 potions of agility
 D - 2 potions of magic
 E - 2 potions of cancellation
 H - 4 potions of invisibility
 N - 5 potions of mutation
 P - a potion of berserk rage
 R - a potion of resistance
Comestibles
 c - 34 rations


   Skills:
 * Level 11.6(10.6) Fighting
 + Level 7.3(9.0) Short Blades
 + Level 10.5(10.3) Long Blades
   Level 1.6(1.2) Axes
   Level 1.6(1.3) Maces & Flails
 * Level 11.7(10.7) Armour
 * Level 10.8(9.8) Dodging
 + Level 1.9(1.1) Stealth
 * Level 15.3(14.2) Shields


You had 15 spell levels left.
You didn't know any spells.

Dungeon Overview and Level Annotations

Branches:
Dungeon (15/15)            Temple (0/1) D:7            Lair (6/6) D:9
  Swamp (1/4) Lair:4        Snake (0/4) Lair:3        Slime (0/5) Lair:6
    Orc (2/2) D:10            Elf (2/3) Orc:2        Vaults (0/5) D:13
 Depths (0/5) D:15

Altars:
Ashenzari
Fedhas
Kikubaaqudgha
Makhleb
Nemelex Xobeh
Sif Muna
Uskayaw
Xom
Yredelemnul
The Shining One
Beogh
Jiyva

Shops:
D:4 (   D:6 }   D:8 :   Orc:1 !   Orc:2 *}(*


Innate Abilities, Weirdness & Mutations

You have sharp fingernails.
You are mostly covered in large bone plates. (SH +6)
You frequently emit foul miasma when damaged in melee.
When hurt, damage is shared between your health and your magic reserves.
You regenerate magic rapidly.
You are immune to rotting.
You are weak. (Str -2)


Message History

* * * LOW HITPOINT WARNING * * *
Unknown command.
You hit the earth elemental but do no damage.
The earth elemental is lightly damaged.
You hit the earth elemental but do no damage.
The earth elemental is lightly damaged.
You block the earth elemental's attack.
You slash the earth elemental!
The earth elemental is moderately damaged.
You hit the earth elemental.
The earth elemental is moderately damaged.
The earth elemental hits you!
* * * LOW HITPOINT WARNING * * *
You emit a cloud of foul miasma!
You hit the earth elemental but do no damage.
The earth elemental is moderately damaged.
You slash the earth elemental!
The earth elemental is severely damaged.
The earth elemental hits you!!
You die...

###########
#######.........######## #
#.......#######......... #####
#.####..# #.#######. ....#
####....#..##### #.# #.....
#.#.###.##....(......# #.# #.###.
.........#....#.E###.# #.# #.# #.
###.#........[.)@###.###.###.###.
# #.)............................
# ####...........###.######......
# #..###...##.........##.....#
######..# #...##.###...#.##.....#
........###...##.##......###...##
#.####...#######.#.......####.##
#.###.....## #+####.)).(# #.###
#.##.......## ##..()###)..# #.#.#


You could see an earth elemental.

Vanquished Creatures
  Gastronok (D:9)
  A thorn hunter (Swamp:1)
  Louise (Elf:1)
  A dire elephant (D:15)
  Snorg (Lair:3)
  3 deep elf death magi (Elf:1)
  A fire dragon (D:15)
  Josephine (Orc:2)
  Harold (D:10)
  A ghost crab (Swamp:1)
  A merfolk avatar (Lair:6)
  An ice dragon (D:7)
  14 hydras
  5 dancing weapons
  2 centaur warriors
  An alligator (Swamp:1)
  9 two-headed ogres
  A tengu warrior (D:15)
  4 death yaks (Lair:6)
  3 orc high priests (Orc:2)
  8 deep elf knights
  A hell knight (D:14)
  A sun demon (Volcano)
  4 unseen horrors
  A phantasmal warrior (D:14)
  2 deep elf archers (Elf:1)
  4 skeletal warriors (D:14)
  An oklob plant (Lair:6)
  7 orc knights
  8 ugly things
  A salamander (D:15)
  A salamander (shapeshifter) (D:14)
  2 cyclopes (D:13)
  26 deep elf magi
  An orc sorcerer (Volcano)
  5 manticores
  The ghost of equalderp2856 the Destroyer, a novice FeCj (Lair:3)
  2 elephants (Lair:6)
  Joseph (D:10)
  A molten gargoyle (Volcano)
  Maurice (D:10)
  6 spiny frogs
  3 gargoyles
  6 komodo dragons
  2 kobold demonologists
  7 rime drakes
  2 freezing wraiths (D:15)
  An efreet (D:14)
  A merfolk (D:15)
  2 polar bears (Lair:6)
  2 red devils (Volcano)
  8 trolls
  4 hornets
  A tyrant leech (Swamp:1)
  12 blink frogs
  9 hippogriffs
  A wind drake (Lair:6)
  8 slime creatures
  2 dream sheep (D:10)
  A bog body (Swamp:1)
  2 meliai zombies (D:14)
  A vampire (D:13)
  A spriggan (Swamp:1)
  A water elemental (Elf:1)
  A shadow (D:14)
  33 yaks
  2 fire elementals
  5 wraiths
  2 fire bats (Volcano)
  A wyvern (Lair:3)
  2 hungry ghosts (D:9)
  4 basilisks
  Grum (D:11)
  3 vampire mosquitoes
  A steam dragon (D:11)
  Menkaure (D:6)
  3 nagas (Lair:3)
  7 swamp worms
  2 wargs
  3 insubstantial wisps (Swamp:1)
  A soldier ant (D:13)
  2 acid dragons
  Edmund (D:6)
  A hell hound (Volcano)
  10 water moccasins
  A porcupine (shapeshifter) (D:8)
  7 porcupines
  4 ice beasts
  29 orc warriors
  2 phantoms (D:4)
  2 black bears
  9 wolves
  6 sky beasts
  11 ogres
  A necrophage (D:8)
  A boggart (shapeshifter) (D:8)
  14 crocodiles
  10 centaurs
  6 big kobolds
  20 bullfrogs
  A gnoll sergeant (D:11)
  8 scorpions
  9 killer bees
  6 wights
  An electric eel (Lair:4)
  4 howler monkeys (D:9)
  5 lava snakes (Volcano)
  A bullfrog zombie (D:8)
  2 crimson imps
  6 hounds
  3 centaur zombies
  A gnoll shaman (D:10)
  23 orc wizards
  28 orc priests
  4 centaur skeletons
  5 jellies
  6 iguanas
  13 worker ants
  2 hell rats (Lair:1)
  2 hound zombies (D:6)
  2 hound skeletons
  3 worker ant zombies
  15 gnolls
  A howler monkey zombie (D:7)
  9 river rats (Lair:1)
  16 adders
  3 shadow imps
  2 oozes
  An adder zombie (D:4)
  An adder skeleton (D:7)
  A worm (D:2)
  A dart slug (D:4)
  7 leopard geckos
  114 orcs
  3 bats
  5 giant cockroaches
  5 goblins
  4 hobgoblins
  16 jackals
  17 kobolds
  6 quokkas
  2 frilled lizards
  A leopard gecko skeleton (D:4)
  8 rats
  A bush (Lair:6)
  3 fungi (Lair:6)
  2 plants (Lair:6)
803 creatures vanquished.

Vanquished Creatures (collateral kills)
  An ogre mage (D:15)
  A hydra (Lair:6)
  2 death yaks (Lair:6)
  2 orc high priests (Orc:2)
  A shambling mangrove (Swamp:1)
  A deep elf archer (Elf:1)
  2 orc knights (Orc:2)
  2 ugly things (D:7)
  2 oklob plants (Lair:5)
  A deep elf mage (Elf:1)
  12 elephants (Lair:6)
  Psyche (D:10)
  2 spiny frogs
  A troll (D:10)
  A slime creature (D:15)
  A hornet (Lair:6)
  A wyvern (Lair:6)
  A yak (Lair:6)
  2 vampire mosquitoes (Swamp:1)
  6 orc warriors (Orc:2)
  2 crocodiles (Lair:6)
  A crimson imp (D:7)
  An orc priest (Orc:2)
  9 orcs (Orc:2)
  A plant (Lair:5)
57 creatures vanquished.

Vanquished Creatures (others)
  A fire dragon (D:14)
  A two-headed ogre (D:15)
  A swamp worm (Swamp:1)
  A floating eye (shapeshifter) (D:15)
  An ogre (D:15)
  An earth elemental (Elf:1)
  2 orcs (D:12)
  3 bushes (Lair:6)
  12 fungi
  24 plants (Lair:6)
47 creatures vanquished.

Grand Total: 907 creatures vanquished

Notes
Turn   | Place    | Note
-------+----------+-------------------------------------------
     0 | D:1      | troglodite the Demonspawn Berserker began the quest for the Orb.
     0 | D:1      | Reached XP level 1. HP: 18/18 MP: 1/1
   135 | D:1      | HP: 1/27 [ooze (3)]
   136 | D:1      | Gained mutation: When hurt, damage is shared between your health and your magic reserves. [demonic ancestry]
   136 | D:1      | Reached XP level 2. HP: 1/24 MP: 2/2
  1215 | D:2      | Reached XP level 3. HP: 29/29 MP: 3/3
  1517 | D:2      | Gained mutation: You are partially covered in large bone plates. (SH +4) [demonic ancestry]
  1517 | D:2      | Reached XP level 4. HP: 18/36 MP: 1/4
  1518 | D:2      | Found an ancient bone altar of Kikubaaqudgha.
  1807 | D:2      | Found a basalt altar of Yredelemnul.
  2053 | D:2      | Found a sparkling altar of Nemelex Xobeh.
  2588 | D:3      | Gained mutation: You have sharp fingernails. [demonic ancestry]
  2588 | D:3      | Reached XP level 5. HP: 39/42 MP: 3/5
  2867 | D:3      | Reached ** piety under Trog
  3839 | D:4      | Found Wufehuwk's Antique Weapon Emporium.
  3865 | D:4      | Gained mutation: You are immune to rotting. [demonic ancestry]
  3865 | D:4      | Reached XP level 6. HP: 48/48 MP: 6/6
  4071 | D:4      | Found a hide-covered altar of Uskayaw.
  4258 | D:4      | Got an encrusted buckler
  4264 | D:4      | Identified the +3 buckler of Koewics {rN+} (You found it on level 4 of the Dungeon)
  4490 | D:4      | Gained mutation: You may emit foul miasma when damaged in melee. [demonic ancestry]
  4490 | D:4      | Reached XP level 7. HP: 53/55 MP: 7/7
  4560 | D:4      | Found a glowing golden altar of the Shining One.
  4590 | D:4      | Reached skill level 1 in Shields
  4670 | D:5      | Entered Level 5 of the Dungeon
  4886 | D:5      | Reached *** piety under Trog
  4954 | D:5      | Reached skill level 5 in Fighting
  5561 | D:6      | Reached skill level 2 in Shields
  5621 | D:6      | Gained mutation: You frequently emit foul miasma when damaged in melee. [demonic ancestry]
  5621 | D:6      | Reached XP level 8. HP: 62/62 MP: 8/8
  5626 | D:6      | Noticed Edmund
  5640 | D:6      | Killed Edmund
  5776 | D:6      | Noticed Menkaure
  5785 | D:6      | Killed Menkaure
  5785 | D:6      | Reached skill level 5 in Long Blades
  5785 | D:6      | Reached skill level 5 in Armour
  5925 | D:6      | Found Unolasin's Gadget Emporium.
  5952 | D:6      | Found a basalt altar of Yredelemnul.
  6167 | D:6      | Got a jewelled long sword
  6168 | D:6      | Identified the +1 long sword of Fear {freeze, rN+ Dex+2} (You found it on level 6 of the Dungeon)
  6296 | D:6      | Reached skill level 3 in Shields
  6630 | D:7      | Reached **** piety under Trog
  6631 | D:7      | Reached skill level 4 in Shields
  6919 | D:7      | Gained mutation: You regenerate magic rapidly. [demonic ancestry]
  6919 | D:7      | Reached XP level 9. HP: 69/69 MP: 9/9
  6922 | D:7      | Reached skill level 5 in Dodging
  7278 | D:7      | Found a staircase to the Ecumenical Temple.
  7310 | D:7      | Reached skill level 5 in Shields
  7433 | D:7      | Found a runed door.
  7433 | D:7      | Found a runed door.
  7433 | D:7      | Noticed a cyan ugly thing
  7433 | D:7      | Noticed a kobold demonologist
  7433 | D:7      | Noticed an ice dragon
  7434 | D:7      | Found a runed door.
  7447 | D:7      | Killed a cyan ugly thing
  7470 | D:7      | Killed an ice dragon
  7489 | D:7      | Noticed a red devil
  7646 | D:7      | Killed a kobold demonologist
  7646 | D:7      | Reached skill level 6 in Shields
  7811 | D:7      | Found a glowing golden altar of the Shining One.
  7984 | D:7      | Noticed a manticore
  7996 | D:7      | Noticed a cyan ugly thing
  7997 | D:7      | Killed a manticore
  7997 | D:7      | Reached XP level 10. HP: 77/77 MP: 10/10
  8007 | D:7      | Killed a cyan ugly thing
  8167 | D:7      | Got a pitted great sword {drain}
  8197 | D:7      | Identified the +8 great sword "Caoxet" {drain, +Rage Int+4} (You took it off an orc on level 7 of the Dungeon)
  8483 | D:8      | Found Suintemn's Book Shop.
  8807 | D:8      | Found a shimmering altar of Xom.
  8810 | D:8      | Found a shimmering altar of Xom.
  8810 | D:8      | Found a shimmering altar of Xom.
  8810 | D:8      | Found a shimmering altar of Xom.
  8811 | D:8      | Found a shimmering altar of Xom.
  8811 | D:8      | Found a shimmering altar of Xom.
  8811 | D:8      | Found a shimmering altar of Xom.
  8812 | D:8      | Found a shimmering altar of Xom.
  8812 | D:8      | Found a shimmering altar of Xom.
  9183 | D:9      | Found a staircase to the Lair.
  9197 | D:9      | Reached skill level 1 in Stealth
  9212 | D:9      | Reached skill level 7 in Shields
  9338 | D:9      | Noticed Gastronok
  9359 | D:9      | Killed Gastronok
  9359 | D:9      | Reached ***** piety under Trog
  9359 | D:9      | Reached XP level 11. HP: 84/84 MP: 11/11
  9475 | D:9      | Noticed a two-headed ogre
  9482 | D:9      | Killed a two-headed ogre
  9620 | D:9      | Received a gift from Trog
 10013 | D:8      | Found a roughly hewn altar of Beogh.
 10048 | D:8      | Got an ivory mace
 10056 | D:8      | Identified the +7 mace of Gyla {crush, rPois} (You found it on level 8 of the Dungeon)
 10468 | D:9      | Found a deep blue altar of Sif Muna.
 10657 | D:10     | Entered Level 10 of the Dungeon
 10811 | D:10     | Noticed a three-headed hydra
 10820 | D:10     | Killed a one-headed hydra
 10866 | D:10     | Noticed Joseph
 10895 | D:10     | Killed Joseph
 11017 | D:10     | Got a dazzling dagger
 11018 | D:10     | Identified the +6 dagger "Ryfusy" {drain, Int-3 Dex+3 Stlth+} (You found it on level 10 of the Dungeon)
 11163 | D:10     | Noticed Maurice
 11165 | D:10     | Noticed Harold
 11179 | D:10     | Killed Maurice
 11179 | D:10     | Reached skill level 1 in Maces & Flails
 11196 | D:10     | Killed Harold
 11196 | D:10     | Reached skill level 1 in Axes
 11269 | D:10     | Noticed a two-headed ogre
 11285 | D:10     | Killed a two-headed ogre
 11285 | D:10     | Reached skill level 8 in Shields
 11385 | D:10     | Noticed Psyche
 11389 | D:10     | Killed Psyche
 11404 | D:10     | Found a staircase to the Orcish Mines.
 11518 | D:10     | Noticed an unseen horror
 11551 | D:10     | Killed an unseen horror
 11551 | D:10     | Reached skill level 1 in Short Blades
 11730 | D:11     | Gained mutation: You are mostly covered in large bone plates. (SH +6) [demonic ancestry]
 11730 | D:11     | Reached XP level 12. HP: 94/94 MP: 12/12
 11823 | D:11     | Noticed a two-headed ogre
 11836 | D:11     | Killed a two-headed ogre
 11890 | D:11     | Noticed a two-headed ogre
 11903 | D:11     | Killed a two-headed ogre
 12029 | D:11     | Noticed Grum
 12065 | D:11     | Killed Grum
 12244 | D:11     | Received a gift from Trog
 12334 | D:11     | Found a burning altar of Makhleb.
 12378 | D:11     | Reached skill level 9 in Shields
 12383 | D:11     | Noticed a two-headed ogre
 12398 | D:11     | Killed a two-headed ogre
 12572 | D:11     | Noticed a two-headed ogre
 12585 | D:11     | Killed a two-headed ogre
 12795 | Orc:1    | Entered Level 1 of the Orcish Mines
 12940 | Orc:2    | Entered Level 2 of the Orcish Mines
 12940 | Orc:2    | Noticed Josephine
 12940 | Orc:2    | Noticed a two-headed ogre
 12952 | Orc:2    | Killed a two-headed ogre
 12960 | Orc:2    | Killed Josephine
 13184 | Orc:2    | Found a staircase to the Elven Halls.
 13594 | Orc:1    | Found Hima's Distillery.
 13711 | Orc:1    | Found a burning altar of Makhleb.
 13904 | Orc:1    | Found a roughly hewn altar of Beogh.
 14443 | Orc:2    | Noticed an orc high priest
 14485 | Orc:2    | Killed an orc high priest
 14485 | Orc:2    | Reached skill level 10 in Shields
 14485 | Orc:2    | Reached XP level 13. HP: 101/101 MP: 13/13
 15447 | Orc:2    | Found Milyhi Dohi's General Store.
 15447 | Orc:2    | Found Arusoota's Assorted Antiques.
 15448 | Orc:2    | Found Fonakoiq's Gadget Emporium.
 15448 | Orc:2    | Found Ohej's Weapon Shoppe.
 15470 | Orc:2    | Bought a slimy dagger for 210 gold pieces
 15470 | Orc:2    | Identified the +5 dagger "Worm" {holy, rN+ Dex+3} (You bought it in a shop on level 2 of the Orcish Mines)
 15727 | Lair:1   | Entered Level 1 of the Lair of Beasts
 16928 | Lair:2   | Reached skill level 5 in Short Blades
 16928 | Lair:2   | Reached skill level 11 in Shields
 17299 | Lair:3   | Noticed Snorg
 17336 | Lair:3   | Killed Snorg
 17409 | Lair:3   | Noticed equalderp2856's ghost (novice FeCj)
 17420 | Lair:3   | Killed equalderp2856's ghost
 17515 | Lair:3   | Found a dark tunnel.
 17522 | Volcano  | Entered a volcano
 17974 | Volcano  | Found a radiant altar of Vehumet.
 18257 | Volcano  | Reached skill level 10 in Fighting
 18523 | Lair:3   | Found a staircase to the Snake Pit.
 19307 | Lair:4   | Found a staircase to the Swamp.
 19553 | Lair:4   | Reached skill level 10 in Armour
 20011 | Lair:5   | Reached XP level 14. HP: 110/110 MP: 14/14
 20164 | Lair:5   | Reached skill level 12 in Shields
 20450 | Lair:5   | Received a gift from Trog
 20979 | Lair:6   | Entered Level 6 of the Lair of Beasts
 21229 | Lair:6   | Got an ichor-stained chain mail
 21300 | Lair:6   | Identified the +0 chain mail of Autumn {Int+2} (You found it on level 6 of the Lair of Beasts)
 21793 | Lair:6   | Found a viscous altar of Jiyva.
 21794 | Lair:6   | Found a staircase to the Slime Pits.
 22206 | Lair:6   | Reached skill level 13 in Shields
 22672 | Lair:6   | Found a blossoming altar of Fedhas.
 23117 | Swamp:1  | Entered Level 1 of the Swamp
 23243 | Swamp:1  | Received a gift from Trog
 23468 | Swamp:1  | HP: 5/166 [ghost crab (6)]
 23745 | Swamp:1  | Noticed a thorn hunter
 23784 | Swamp:1  | Killed a thorn hunter
 23804 | Swamp:1  | Reached XP level 15. HP: 27/117 MP: 15/15
 25116 | D:13     | Found a gate to the Vaults.
 25282 | D:13     | Identified a scroll of acquirement
 25285 | D:13     | Got a heavily runed large shield
 25296 | D:13     | Identified the +0 large shield "Cauff" {rPois MR+ Dex+2} (You acquired it on level 13 of the Dungeon)
 25766 | D:13     | Reached skill level 10 in Dodging
 26265 | D:13     | Reached skill level 14 in Shields
 26636 | D:14     | Found a runed door.
 26743 | D:14     | Noticed a ghost moth
 26751 | D:14     | a ghost moth changed into an emperor scorpion
 26786 | D:14     | Gained mutation: You are weak. (Str -2) [a shining eye]
 27252 | D:14     | Found a shattered altar of Ashenzari.
 27492 | D:15     | Entered Level 15 of the Dungeon
 27592 | D:15     | Received a gift from Trog
 28532 | D:15     | Got a pair of faintly glowing gloves
 28543 | D:15     | Identified the +0 pair of gloves of the Disturbing Coins {+Blink Regen+ Dex+6} (You found it on level 15 of the Dungeon)
 28692 | D:15     | Found a staircase to the Depths.
 29082 | Orc:1    | Bought a potion of curing for 45 gold pieces
 29082 | Orc:1    | Bought a potion of mutation for 120 gold pieces
 29082 | Orc:1    | Bought a potion of mutation for 120 gold pieces
 29082 | Orc:1    | Bought 2 potions of curing for 90 gold pieces
 29082 | Orc:1    | Bought a potion of mutation for 120 gold pieces
 29321 | Elf:1    | Entered Level 1 of the Elven Halls
 29618 | Orc:2    | Reached skill level 10 in Long Blades
 30143 | Elf:1    | Reached XP level 16. HP: 124/125 MP: 16/16
 30229 | Elf:1    | Reached skill level 15 in Shields
 30427 | Elf:1    | Received a gift from Trog
 30539 | Elf:1    | Got a slimy arbalest
 30540 | Elf:1    | Identified the +9 arbalest "Doroorei" {penet, rPois} (You found it on level 1 of the Elven Halls)
 30765 | Elf:1    | Noticed Louise
 30784 | Elf:1    | Killed Louise
 31261 | Elf:1    | Slain by an earth elemental

Skill      XL: |  1  2  3  4  5  6  7  8  9 10 11 12 13 14 15 16 |
---------------+-------------------------------------------------+-----
Dodging        | 2 3 4 5 6 7 8 9 10 | 10.8
Armour         | 2 3 4 5 7 8 9 10 11 | 11.7
Long Blades    | 3 4 5 6 8 9 10 | 10.5
Fighting       | 4 5 6 7 8 9 10 11 | 11.6
Shields        | 2 4 6 7 8 10 11 13 14 15 | 15.3
Stealth        | 1 |  1.9
Maces & Flails | 1 |  1.6
Axes           | 1 |  1.6
Short Blades   | 1 4 5 6 7 |  7.3

Action                   |  1- 3 |  4- 6 |  7- 9 | 10-12 | 13-15 | 16-18 || total
-------------------------+-------+-------+-------+-------+-------+-------++-------
Melee: Falchion          |    60 |   282 |   208 |       |       |       ||   550
       Long sword        |       |       |   212 |    34 |       |    57 ||   303
       Great sword       |       |       |       |   217 |       |       ||   217
       Dagger            |       |       |       |   628 |  2621 |       ||  3249
       Mace              |       |       |       |    20 |       |       ||    20
       Hand axe          |       |       |       |     8 |     6 |       ||    14
       Scimitar          |       |       |       |       |   409 |   150 ||   559
Invok: Berserk           |     4 |     3 |    12 |    15 |    19 |     3 ||    56
       Burn Spellbooks   |       |       |     2 |     3 |     6 |     1 ||    12
       Brothers in Arms  |       |       |     2 |     3 |    16 |       ||    21
       Trog's Hand       |       |       |       |       |     1 |       ||     1
  Use: Scroll            |       |       |    12 |    15 |    20 |     4 ||    51
       Potion            |       |       |     1 |     1 |     1 |       ||     3
 Stab: Sleeping          |     1 |       |       |     2 |     1 |       ||     4
       Distracted        |       |       |       |     1 |     3 |       ||     4
  Eat: Chunk             |     5 |    13 |    16 |    29 |    49 |     6 ||   118
       Ration            |       |       |     2 |     3 |     8 |     2 ||    15
Armor: Animal skin       |     7 |       |       |       |       |       ||     7
       Ring mail         |    10 |     3 |       |       |       |       ||    13
       Scale mail        |       |   102 |   164 |     2 |       |       ||   268
       Ice dragon scales |       |       |       |   170 |    86 |       ||   256
       Chain mail        |       |       |       |       |   534 |    41 ||   575
Dodge: Dodged            |    44 |   142 |   197 |   367 |   797 |    42 ||  1589
Block: Other             |       |    54 |       |    39 |       |       ||    93
       Buckler           |       |    15 |   293 |   434 |  1464 |       ||  2206
       Large shield      |       |       |       |       |   836 |   218 ||  1054
       Rpst.: Falchion   |    12 |    43 |    24 |       |       |       ||    79
       Long sword        |       |       |    28 |     3 |       |     3 ||    34
       Great sword       |       |       |       |    43 |       |       ||    43
       Scimitar          |       |       |       |       |    14 |     6 ||    20
